 Dungeon Crawl Stone Soup version 0.28.0-53-g5a82cb258f (console) character file.

Game seed: 4739560900720230493

5092 erker the Transmogrifier (level 10, -3/56 HPs)
             Began as an Octopode Earth Elementalist on June 5, 2022.
             Was a Follower of Cheibriados.
             Slain by a human
             ... wielding a +1 vorpal hand axe
              (8 damage)
             ... in a bailey.
             The game lasted 00:47:03 (13011 turns).

erker the Transmogrifier (OpEE)                    Turns: 13011, Time: 00:47:04

Health: -3/56      AC:  1    Str: 12    XL:     10   Next: 57%
Magic:  14/14      EV: 13    Int: 24    God:    Cheibriados [*.....]
Gold:   377        SH:  5    Dex: 16    Spells: 2/15 levels left

rFire   + + .      SeeInvis +   b - +9 whip {vorpal, rF+ Str-5 SInv}
rCold   . . .      Faith    .   J - +0 buckler
rNeg    . . .      Spirit   .   (helmet restricted)
rPois   .          Reflect  .   (no amulet)
rElec   .          Harm     .   f - +6 ring of strength
rCorr   .          Rampage  .   t - ring of willpower
Will    +....                   v - ring of protection from fire
Stlth   +++++.....              K - +4 ring of slaying
HPRegen 0.18/turn               (no ring)
MPRegen 0.14/turn               (no ring)
                                (no ring)
                                (no ring)

@: very slow
A: almost no armour, amphibious, 8 rings, camouflage 1, gelatinous body 1,
(nimble swimmer 1), tentacles
a: Renounce Religion, Bend Time


You were in a bailey.
You worshipped Cheibriados.
Cheibriados was aware of your devotion.
You visited 2 branches of the dungeon, and saw 10 of its levels.
You also visited: Sewer and Bailey.

You collected 377 gold pieces.

Inventory:

Hand Weapons
 a - a +0 dagger
 b - the +9 whip "Vebbaf" (weapon) {vorpal, rF+ Str-5 SInv}
   (You found it on level 2 of the Dungeon)

   It inflicts extra damage upon your enemies.
   Str:       It affects your strength (-5).
   rF:        It protects you from fire.
   SInv:      It lets you see invisible.
 M - a +2 hand axe of electrocution
Missiles
 k - 175 stones (quivered)
 m - 41 sling bullets
 o - 5 atropa-tipped darts
 F - 10 poisoned darts
Armour
 J - a +0 buckler (worn)
Jewellery
 f - a +6 ring of strength (left tentacle)
 t - a ring of willpower (right tentacle)
 v - a ring of protection from fire (on tentacle)
 I - an amulet of the acrobat
 K - a +4 ring of slaying (on tentacle)
 L - a ring of fire
Wands
 e - a wand of acid (8)
 n - a wand of iceblast (11)
 B - a wand of charming (9)
 E - a wand of polymorph (23)
 G - a wand of mindburst (4)
Scrolls
 c - 3 scrolls of holy word
 d - 8 scrolls of teleportation
 g - 2 scrolls of fear {unknown}
 j - 2 scrolls of vulnerability {unknown}
 p - a scroll of fog {unknown}
 q - 2 scrolls of magic mapping {unknown}
 y - 2 scrolls of summoning {unknown}
 C - a scroll of enchant weapon {unknown}
 D - a scroll of enchant armour {unknown}
 H - a scroll of acquirement {unknown}
 N - a scroll of immolation {unknown}
 Q - 3 scrolls of noise {unknown}
Potions
 h - 3 potions of might
 i - a potion of heal wounds
 l - 3 potions of lignification
 r - 4 potions of flight
 s - 2 potions of resistance
 w - 4 potions of curing
 x - a potion of magic
 z - 5 potions of mutation
 A - 3 potions of cancellation {unknown}
 O - 2 potions of brilliance
 P - 2 potions of berserk rage {unknown}


   Skills:
 + Level 4.2 Short Blades
 - Level 2.0 Maces & Flails
 - Level 2.0 Dodging
 + Level 7.8 Stealth
 - Level 4.0 Shields
 - Level 3.0 Spellcasting
 - Level 2.0 Conjurations
 - Level 2.0 Necromancy
 - Level 9.0 Transmutations
 - Level 9.0 Earth Magic


You had 2 spell levels left.
You knew the following spells:

 Your Spells              Type           Power      Damage    Failure   Level
a - Sandblast             Erth           92%        2d19      1%          1
g - Stone Arrow           Conj/Erth      60%        3d10      4%          3
p - Petrify               Tmut/Erth      46%        N/A       3%          4
v - Vampiric Draining     Necr           13%        2d6       19%         3
w - Passwall              Tmut/Erth      38%        N/A       1%          2

Your spell library contained the following spells:

 Spells                   Type           Power      Damage    Failure   Level
 Animate Skeleton         Necr           26%        N/A       6%          1
 Pain                     Necr           52%        1d6       6%          1
 Foxfire                  Conj/Fire      32%        2x1d5     9%          1
 Apportation              Tloc           6%         N/A       14%         1
 Freeze                   Ice            12%        1d4       14%         1
 Summon Small Mammal      Summ           12%        N/A       14%         1
 Conjure Flame            Conj/Fire      8%         6-21      26%         3
 Frozen Ramparts          Ice            6%         1d2       38%         3
 Inner Flame              Hex/Fire       3%         N/A       38%         3
 Flame Wave               Conj/Fire      8%         2d5       65%         4
 Hailstorm                Conj/Ice       8%         3d4       65%         4


Dungeon Overview and Level Annotations

Branches:
Dungeon (9/15)             Temple (1/1) D:6             Orc (0/2) D:9
  Sewer (visited)          Bailey (1/1)
   Lair: D:8-11

Altars:
Ashenzari
Cheibriados
Dithmenos
Elyvilon
Gozag
Kikubaaqudgha
Nemelex Xobeh
Qazlal
Ru
Sif Muna
Trog
Uskayaw
Vehumet
Wu Jian
Xom
Yredelemnul
Zin
The Shining One
Beogh

Shops:
D:7 *

Annotations:
D:3 1 runed translucent door, Crazy Yiuf
D:7 3 runed translucent doors, SHADDY's ghost, novice OpTm
D:9 1 exclusion


Innate Abilities, Weirdness & Mutations

You cannot wear most types of armour.
You are amphibious.
You can wear up to eight rings at the same time.
Your skin changes colour to match your surroundings (Stealth+).
Your rubbery body absorbs attacks. (AC +1, EV +1)
((You are camouflaged when in or above water. (Stealth+)))
You have tentacles for arms and can constrict up to eight enemies at once.


Message History

You hit the gnoll. Your grab misses the gnoll. You squeeze the gnoll.
The gnoll is moderately wounded.
The gnoll hits you with a +0 hand axe.
You hit the gnoll but do no damage. Your grab misses the gnoll.
You squeeze the gnoll, but do no damage.
The gnoll is moderately wounded.
A gnoll comes into view. It is wielding a +0 hand axe.
The gnoll shouts!
You hit the gnoll. Your grab misses the gnoll. You squeeze the gnoll.
You kill the gnoll!
Cheibriados thoroughly appreciates the change of pace.
A human comes into view. It is wielding a +1 vorpal hand axe.
The goblin closely misses you. The gnoll hits you with a +0 hand axe.
The gnoll hits you with a +0 hand axe! You block the goblin's attack.
Things that are here:
a +0 hand axe; a +0 leather armour You hit the goblin.
You kill the goblin!
Cheibriados appreciates the change of pace.
You hit the gnoll but do no damage. You grab the gnoll. You squeeze the gnoll.
The gnoll is heavily wounded.
You constrict the gnoll, but do no damage.
The gnoll barely misses you.
A human comes into view. It is wielding a +0 war axe.
You feel weaker.
b - the +9 whip "Vebbaf" (weapon)
{vorpal, rF+ Str-5 SInv} You constrict the gnoll.
You whack the gnoll!
You kill the gnoll!
Cheibriados appreciates the change of pace.
The human barely misses you.
You closely miss the human. You grab the human.
You constrict the human, but do no damage.
The human hits you with a +0 war axe! You block the human's attack.
You whack the human! You squeeze the human!
The human is severely wounded.
You constrict the human. The human hits you with a +0 war axe!
* * * LOW HITPOINT WARNING * * *
The human hits you with a +1 vorpal hand axe!
You die...

##### ##...##
+..∩..#
######.....#
#+#....'..!..#
#......##...##
#.......#####
######@p.#
##p.# #...#
#...# ...##
...## ####


You could see 2 humans.

Vanquished Creatures
  A two-headed ogre (D:8)
  Pikel (D:5)
  A hornet (D:8)
  Grinder (D:5)
  A slime creature (D:8)
  Sigmund (D:3)
  4 steam dragons
  Menkaure (D:4)
  2 orc warriors
  An ice beast (D:8)
  4 black bears
  A sky beast (D:6)
  An ogre (D:4)
  3 centaurs
  A phantom (D:6)
  4 lemures (D:5)
  2 bullfrogs (Sewer)
  A wyvern zombie (D:7)
  2 scorpions (D:5)
  A water moccasin skeleton (D:5)
  2 centaur zombies
  3 jellies
  4 hounds
  A bullfrog skeleton (D:5)
  2 orc priests
  A centaur skeleton (D:5)
  Jessica (D:2)
  3 iguanas
  A scorpion zombie (D:5)
  Terence (D:2)
  Natasha (thrice) (D:2)
  8 orc wizards
  A howler monkey skeleton (D:5)
  6 gnolls
  13 adders
  5 river rats
  A white imp (D:6)
  2 ufetubi
  An adder skeleton (D:3)
  A worm (D:5)
  2 dart slugs
  33 orcs
  17 ball pythons
  7 bats
  9 endoplasms
  3 giant cockroaches
  9 goblins
  13 hobgoblins
  5 jackals
  4 kobolds
  3 quokkas
  7 frilled lizards
  27 rats
233 creatures vanquished.

Notes
Turn   | Place    | Note
-------+----------+-------------------------------------------
     0 | D:1      | erker the Octopode Earth Elementalist began the quest for
                  | the Orb.
     0 | D:1      | Reached XP level 1. HP: 11/11 MP: 3/3
   371 | D:1      | Reached XP level 2. HP: 9/17 MP: 5/5
   374 | D:1      | Learned a level 2 spell: Passwall
  1074 | D:1      | Reached XP level 3. HP: 21/21 MP: 6/6
  1610 | D:2      | Noticed Natasha
  1712 | D:2      | Identified the +9 whip "Vebbaf" {vorpal, rF+ Str-5 SInv}
  1761 | D:2      | Killed Natasha
  1762 | D:2      | Reached XP level 4. HP: 27/27 MP: 4/7
  1772 | D:2      | Reached skill level 1 in Short Blades
  1829 | D:2      | Noticed Natasha
  1839 | D:2      | Killed Natasha
  1940 | D:2      | Noticed Natasha
  1945 | D:2      | Killed Natasha
  1946 | D:2      | Reached XP level 5. HP: 31/31 MP: 5/8
  2077 | D:2      | Noticed Jessica
  2088 | D:2      | Killed Jessica
  2142 | D:2      | Noticed Terence
  2159 | D:2      | Learned a level 4 spell: Petrify
  2177 | D:2      | Killed Terence
  2462 | D:3      | Reached XP level 6. HP: 9/36 MP: 9/9
  2753 | D:3      | Found a faded altar of an unknown god.
  2810 | D:3      | Noticed Sigmund
  2817 | D:3      | Killed Sigmund
  2818 | D:3      | Reached skill level 5 in Earth Magic
  2823 | D:3      | HP: 2/54 [adder (1)]
  2913 | D:3      | Identified the +5 mace of the Chickpea {vamp, rC- Dex+4}
  3357 | D:3      | Found a runed translucent door.
  3358 | D:3      | Noticed Crazy Yiuf
  3401 | D:4      | Identified the +0 ring mail of the Apprentice {+Inv MP+9
                  | Str+4}
  3427 | D:4      | Reached XP level 7. HP: 27/41 MP: 10/10
  3437 | D:4      | Learned a level 3 spell: Vampiric Draining
  3691 | D:4      | Noticed Menkaure
  3698 | D:4      | Killed Menkaure
  3888 | D:4      | Reached skill level 5 in Transmutations
  4441 | D:4      | Reached skill level 1 in Maces & Flails
  5131 | D:4      | Reached XP level 8. HP: 46/46 MP: 6/11
  5493 | D:5      | Entered Level 5 of the Dungeon
  5514 | D:5      | Noticed Pikel
  5661 | D:5      | Found a glowing drain.
  5680 | D:5      | Reached skill level 1 in Necromancy
  5851 | Sewer    | Entered a sewer
  7145 | D:5      | Noticed Grinder
  7167 | D:5      | Killed Grinder
  7270 | D:5      | Found a stormy altar of Qazlal.
  7714 | D:5      | Learned a level 3 spell: Stone Arrow
  7961 | D:5      | Reached XP level 9. HP: 28/51 MP: 13/13
  8127 | D:5      | Killed Pikel
  8386 | D:6      | Found a staircase to the Ecumenical Temple.
  8394 | Temple   | Entered the Ecumenical Temple
  8602 | Temple   | Became a worshipper of Cheibriados the Contemplative
  9515 | D:6      | Reached skill level 5 in Stealth
 10242 | D:7      | Reached skill level 1 in Shields
 10257 | D:7      | Found Ividaura's Neck Hole.
 10678 | D:7      | Found a bloodstained altar of Trog.
 10787 | D:7      | Reached XP level 10. HP: 36/56 MP: 1/14
 11064 | D:7      | Found a hide-covered altar of Uskayaw.
 11148 | D:7      | Found a runed translucent gate.
 11148 | D:7      | Found a runed translucent gate.
 11148 | D:7      | Found a runed translucent gate.
 11151 | D:7      | Noticed SHADDY's ghost (novice OpTm)
 11850 | D:8      | Noticed a two-headed ogre
 11860 | D:8      | Killed a two-headed ogre
 11917 | D:8      | Reached * piety under Cheibriados
 12709 | D:8      | Found a glowing silver altar of Zin.
 12709 | D:8      | Found an opulent altar of Gozag.
 12787 | D:9      | Found a staircase to the Orcish Mines.
 12874 | D:9      | Found a flagged portal.
 12900 | Bailey   | Entered a bailey
 13011 | Bailey   | Slain by a human

Illustrated notes

Levels and vault maps discovered:
D:1:      dpeg_arrival_simpleton_b, layout_loops_ring
D:2:      layout_rooms, uniq_jessica, uniq_natasha, uniq_terence
D:3:      layout_rooms, hellmonk_ecumenical_altar_lost_god, uniq_sigmund,
          uniq_crazy_yiuf_cottage
D:4:      layout_layer_cave, uniq_menkaure
D:5:      layout_basic, lemuel_tele_altar, portal_sewer_entry_a, uniq_grinder,
          uniq_pikel
D:6:      layout_basic, minmay_temple_entry_glassed_door
D:7:      layout_gridville, eat_drink_and_be_merry_uskayaw,
          mainiacjoe_overflow_brackets, biasface_ghost_orc_armoury,
          nicolae_shop_sticking_my_neck_out
D:8:      minmay_chambers_of_fours, layout_layer_cave,
          grunt_temple_overflow_gold_and_silver
D:9:      layout_cave_pools, gammafunk_temple_overflow_forgotten, orc_0_dummy,
          enter_bailey_3, serial_glass, glass_columns_c, glass_columns_b
Temple:   nicolae_temple_figure_eight
Bailey:   bailey_axe_froggy_fort_hellmonk, bailey

Skill      XL: |  1  2  3  4  5  6  7  8  9 10 |
---------------+-------------------------------+-----
Stealth        | 3 4 6 7 |  7.8
Transmutations | 2 3 4 5 7 8 9 |  9.0
Short Blades   | 2 4 |  4.2
Earth Magic    | 4 5 6 7 8 9 |  9.0
Maces & Flails | 2 |  2.0
Necromancy     | 2 |  2.0
Spellcasting   | 3 |  3.0
Conjurations   | 2 |  2.0
Shields        | 3 4 |  4.0
Dodging        | |  2.0

Action                   |  1- 3 |  4- 6 |  7- 9 | 10-12 || total
-------------------------+-------+-------+-------+-------++-------
Melee: Unarmed           |    23 |       |       |       ||    23
       Tentacles         |    11 |    17 |    44 |    13 ||    85
       Constrict         |    11 |    17 |    45 |    11 ||    84
       Dagger            |    26 |    52 |    55 |    46 ||   179
       Whip              |     1 |    40 |   193 |    11 ||   245
       Punch             |       |     1 |     5 |     1 ||     7
Throw: Stone             |       |       |     4 |       ||     4
 Cast: Sandblast         |    14 |     5 |    17 |     2 ||    38
       Passwall          |     2 |     7 |    25 |     9 ||    43
       Petrify           |       |       |    11 |     4 ||    15
Evoke: Wand              |       |       |     4 |       ||     4
  Use: Potion            |       |     2 |     4 |       ||     6
       Scroll            |       |       |     5 |     4 ||     9
 Stab: Sleeping          |    11 |     6 |    24 |     8 ||    49
       Petrified         |       |       |    13 |     7 ||    20
       Distracted        |       |       |     1 |     1 ||     2
       Petrifying        |       |       |       |     1 ||     1
Armor: Skin              |     3 |    21 |    53 |     4 ||    81
Dodge: Dodged            |    30 |    52 |   138 |    30 ||   250
Block: Buckler           |       |       |     4 |     9 ||    13
